[Event "56th Biel Festival Rapid 2023"]
[Site "Biel"]
[Date "2024.04.13"]
[Round "2.3"]
[White "Yuffa, Daniil"]
[Black "Richard, Emma"]
[Result "1-0"]
[WhiteElo "2603"]
[BlackElo "2157"]
[PlyCount "65"]
[EventDate "2023.07.16"]
[EventType "swiss"]
[EventCountry "SUI"]
[TimeControl "900+5"]

1. e4 c5 2. Nf3 Nc6 3. Bb5 d6 4. c3 Bd7 5. d4 cxd4 6. cxd4 Nf6 7. Nc3 a6 8. Be2 e6 9. Bf4 Be7 10. O-O O-O 11. d5 Na7 12. dxe6 Bxe6 13. Nd4 Bd7 14. Bc4 b5 15. Bb3 Nc6 16. Re1 Ne5 17. Nf5 Be6 18. Bxe5 dxe5 19. Bxe6 fxe6 20. Qb3 Nd5 21. Nxd5 exd5 22. Qxd5+ Kh8 23. Rad1 Bf6 24. g3 Qa5 25. Kg2 Rad8 26. Qb3 Qb6 27. Rxd8 Bxd8 28. Re2 a5 29. Qd5 Qf6 30. Qd6 Qf7 31. Qxe5 Bf6 32. Qxb5 Qxa2 33. e5 1-0

[Event "56th Biel Festival Rapid 2023"]
[Site "Biel"]
[Date "2024.04.13"]
[Round "2.4"]
[White "Toenz, Arthur"]
[Black "Riff, Jean-Noel"]
[Result "1/2-1/2"]
[WhiteElo "2040"]
[BlackElo "2401"]
[PlyCount "181"]
[EventDate "2023.07.16"]
[EventType "swiss"]
[EventCountry "SUI"]
[TimeControl "900+5"]

1. d4 Nf6 2. Bf4 e6 3. e3 d5 4. Nd2 Bd6 5. Bg3 O-O 6. Ngf3 c5 7. c3 Qc7 8. Bd3 Nbd7 9. O-O e5 10. dxe5 Nxe5 11. Nxe5 Bxe5 12. Qc2 h6 13. c4 b6 14. cxd5 Bxg3 15. hxg3 Nxd5 16. a3 Bb7 17. Be4 Rad8 18. Rfd1 Qe7 19. Rac1 Rfe8 20. Bxd5 Rxd5 21. Nf3 Red8 22. Rxd5 Rxd5 23. Qa4 a6 24. Qf4 Qd6 25. b4 Qxf4 26. gxf4 cxb4 27. axb4 Rb5 28. Rc4 Bd5 29. Rd4 a5 30. bxa5 bxa5 31. Ra4 Bxf3 32. gxf3 Kf8 33. e4 Ke7 34. Kg2 Kd6 35. f5 Kc6 36. f4 f6 37. Rd4 Rb4 38. Rd5 Kb6 39. e5 a4 40. e6 Kc6 41. Rd8 Rb7 42. Rd4 Ra7 43. Kf3 a3 44. Rd2 a2 45. e7 Rxe7 46. Rxa2 Kd7 47. Kg4 Ke8 48. f3 Kf7 49. Ra8 Re1 50. Ra7+ Kg8 51. Rb7 Rg1+ 52. Kh3 Kh7 53. Rc7 Ra1 54. Rc5 Ra4 55. Kg4 h5+ 56. Kxh5 Rxf4 57. Rb5 Rxf3 58. Kg4 Rf1 59. Rb2 Rg1+ 60. Kf4 Rh1 61. Kg4 Kh6 62. Rc2 Rg1+ 63. Kf4 Kh7 64. Rc8 Ra1 65. Rb8 Ra4+ 66. Kf3 Kh6 67. Rg8 Rb4 68. Kg3 Kg5 69. Rxg7+ Kxf5 70. Rc7 Rb3+ 71. Kf2 Kg5 72. Rc5+ f5 73. Rc8 Kg4 74. Ra8 Rb2+ 75. Kf1 f4 76. Ra3 Rc2 77. Rb3 Kf5 78. Ra3 Rd2 79. Rb3 Ke4 80. Ra3 Rd1+ 81. Kf2 Rd2+ 82. Kf1 Rd3 83. Ra2 Rb3 84. Rc2 Kf3 85. Rf2+ Kg4 86. Rg2+ Rg3 87. Ra2 Rb3 88. Rg2+ Kh3 89. Rc2 f3 90. Rc8 Kg3 91. Rg8+ 1/2-1/2

[Event "56th Biel Festival Rapid 2023"]
[Site "Biel"]
[Date "2024.04.13"]
[Round "2.5"]
[White "Rodrigue-Lemieux, Shawn"]
[Black "Haugner, Jan"]
[Result "1-0"]
[WhiteElo "2495"]
[BlackElo "2066"]
[PlyCount "69"]
[EventDate "2023.07.16"]
[EventType "swiss"]
[EventCountry "SUI"]
[TimeControl "900+5"]

1. c4 e6 2. Nf3 d5 3. b3 Nf6 4. Bb2 Be7 5. e3 O-O 6. Nc3 b6 7. Be2 Bb7 8. g4 dxc4 9. bxc4 c5 10. Rg1 Nc6 11. a3 Qc7 12. Qc2 Rfd8 13. h4 Nd7 14. O-O-O Nce5 15. Ng5 Bxg5 16. hxg5 Nf3 17. Rh1 g6 18. Ne4 Bxe4 19. Qxe4 Nxg5 20. Qg2 e5 21. Qh2 Nf8 22. Bxe5 Qd7 23. Qh6 Nge6 24. Bf6 Qa4 25. Kb2 b5 26. cxb5 c4 27. Kc1 Qxa3+ 28. Bb2 Qa4 29. Qh4 Rab8 30. Qf6 c3 31. Bxc3 Qa3+ 32. Bb2 Qc5+ 33. Kb1 Nd4 34. exd4 Qb4 35. d5 1-0

[Event "56th Biel Festival Rapid 2023"]
[Site "Biel"]
[Date "2024.04.13"]
[Round "2.6"]
[White "Schweizer, Samuel"]
[Black "Bharath Subramaniyam H"]
[Result "0-1"]
[WhiteElo "2084"]
[BlackElo "2488"]
[PlyCount "74"]
[EventDate "2023.07.16"]
[EventType "swiss"]
[EventCountry "SUI"]
[TimeControl "900+5"]

1. e4 c5 2. Nf3 Nf6 3. d3 Nc6 4. Bg5 d5 5. Nbd2 e6 6. h3 Be7 7. Be2 O-O 8. O-O b5 9. a4 b4 10. c3 h6 11. Bh4 Ba6 12. e5 Nd7 13. Bxe7 Qxe7 14. d4 Bxe2 15. Qxe2 Rab8 16. Rab1 c4 17. Rfc1 Na5 18. Qe3 Rb7 19. Ne1 Rfb8 20. Nc2 bxc3 21. bxc3 Nb6 22. Rb5 Nb3 23. Nxb3 cxb3 24. Rxb3 Nxa4 25. Rxb7 Qxb7 26. Na3 Rc8 27. c4 dxc4 28. Rxc4 Nb6 29. Rb4 Qa6 30. Rb3 Nd5 31. Qd3 Qa5 32. Qb1 Nb6 33. Nb5 Qd2 34. Nxa7 Rc1+ 35. Qxc1 Qxc1+ 36. Kh2 Qf4+ 37. Kg1 Qxd4 0-1

[Event "56th Biel Festival Rapid 2023"]
[Site "Biel"]
[Date "2024.04.13"]
[Round "2.7"]
[White "Pranav Anand"]
[Black "Piazza, Carlo"]
[Result "1-0"]
[WhiteElo "2510"]
[BlackElo "2106"]
[PlyCount "49"]
[EventDate "2023.07.16"]
[EventType "swiss"]
[EventCountry "SUI"]
[TimeControl "900+5"]

1. d4 Nf6 2. c4 g6 3. h4 Bg7 4. Nc3 d5 5. h5 c6 6. h6 Bf8 7. cxd5 cxd5 8. Bf4 e6 9. e3 Be7 10. Nf3 O-O 11. Bd3 Nc6 12. O-O Bd7 13. a3 Rc8 14. Rc1 Na5 15. Ne5 Nc4 16. Bxc4 dxc4 17. d5 Nxd5 18. Nxd5 exd5 19. Qxd5 Be6 20. Qxb7 Rb8 21. Qxa7 Ra8 22. Qb7 Rb8 23. Qe4 Rxb2 24. Nc6 Qe8 25. Qd4 1-0

[Event "56th Biel Festival Rapid 2023"]
[Site "Biel"]
[Date "2024.04.13"]
[Round "2.8"]
[White "Mikavica, Dragoljub"]
[Black "Saraci, Nderim"]
[Result "0-1"]
[WhiteElo "2041"]
[BlackElo "2472"]
[PlyCount "54"]
[EventDate "2023.07.16"]
[EventType "swiss"]
[EventCountry "SUI"]
[TimeControl "900+5"]

1. e4 e5 2. Nf3 Nc6 3. Bb5 a6 4. Ba4 g6 5. O-O Bg7 6. c3 d6 7. Re1 Bd7 8. h3 Nf6 9. d4 O-O 10. Nbd2 Re8 11. Bc2 Qe7 12. Nf1 Nh5 13. d5 Na7 14. Be3 Nc8 15. Qd2 b5 16. Bg5 Qf8 17. g4 Nf6 18. Kg2 Nb6 19. Ne3 c6 20. Bxf6 Bxf6 21. Rad1 Red8 22. h4 cxd5 23. exd5 Rac8 24. h5 Qe7 25. hxg6 hxg6 26. Rh1 Nc4 27. Rdg1 Nxd2 0-1

[Event "56th Biel Festival Rapid 2023"]
[Site "Biel"]
[Date "2024.04.13"]
[Round "2.9"]
[White "Huang, Renjie"]
[Black "Akshit Kumar J"]
[Result "1-0"]
[WhiteElo "2445"]
[BlackElo "2105"]
[PlyCount "109"]
[EventDate "2023.07.16"]
[EventType "swiss"]
[EventCountry "SUI"]
[TimeControl "900+5"]

1. e4 e5 2. Nf3 Nf6 3. Nxe5 d6 4. Nf3 Nxe4 5. c4 Nc6 6. d4 d5 7. Nc3 Bb4 8. Qc2 Qe7 9. Be3 Bf5 10. Qc1 Nxc3 11. bxc3 Ba3 12. Qd2 Nb4 13. Rd1 Nc2+ 14. Ke2 dxc4 15. Ne5 Qe6 16. f4 f6 17. d5 Bg4+ 18. Nxg4 Qxg4+ 19. Kf2 Nxe3 20. Qxe3+ Kf8 21. Be2 Qd7 22. Bxc4 b6 23. Qe6 Rd8 24. f5 Qd6 25. g3 Qc5+ 26. Rd4 Re8 27. Qd7 Qe7 28. Qxe7+ Rxe7 29. Kf3 Re5 30. g4 Bd6 31. Re4 Rxe4 32. Kxe4 Be5 33. Bb5 Ke7 34. c4 Kd6 35. h4 Kc5 36. g5 a6 37. Bd7 Kxc4 38. Rc1+ Kb4 39. a4 Rd8 40. Bc6 Kb3 41. Rg1 Bc3 42. Kd3 Be5 43. Rb1+ Ka3 44. Kc4 fxg5 45. hxg5 Rf8 46. Bd7 h6 47. g6 Rd8 48. Rb3+ Ka2 49. Be6 Bf6 50. Kb4 h5 51. Rh3 Be7+ 52. d6+ Kb2 53. Rh2+ Kb1 54. dxe7 a5+ 55. Kc3 1-0

[Event "56th Biel Festival Rapid 2023"]
[Site "Biel"]
[Date "2024.04.13"]
[Round "2.10"]
[White "Meier, Peter"]
[Black "Sukandar, Irine Kharisma"]
[Result "0-1"]
[WhiteElo "2033"]
[BlackElo "2358"]
[PlyCount "58"]
[EventDate "2023.07.16"]
[EventType "swiss"]
[EventCountry "SUI"]
[TimeControl "900+5"]

1. d4 Nf6 2. Nf3 d5 3. c4 e6 4. g3 dxc4 5. Bg2 Bb4+ 6. Bd2 c5 7. O-O O-O 8. Qc2 Bxd2 9. Nbxd2 cxd4 10. Nxc4 Nc6 11. Rfd1 Re8 12. Nfe5 Nxe5 13. Nxe5 Qa5 14. f4 Qb6 15. Rd3 Bd7 16. Nxd7 Nxd7 17. Rc1 e5 18. Qc7 Qxb2 19. Rb3 Qd2 20. Bxb7 Rad8 21. Bd5 exf4 22. Rf1 Ne5 23. gxf4 Rxd5 24. fxe5 Qg5+ 25. Rg3 Qe7 26. Qc4 Qxe5 27. Rgf3 Qe6 28. Qc7 Rg5+ 29. Kh1 f6 0-1

[Event "56th Biel Festival Rapid 2023"]
[Site "Biel"]
[Date "2024.04.13"]
[Round "2.11"]
[White "Materia, Marco"]
[Black "Wilhelm, Serge"]
[Result "1-0"]
[WhiteElo "2436"]
[BlackElo "1959"]
[PlyCount "73"]
[EventDate "2023.07.16"]
[EventType "swiss"]
[EventCountry "SUI"]
[TimeControl "900+5"]

1. d4 Nf6 2. c4 e6 3. Nf3 b6 4. g3 Bb7 5. Bg2 Be7 6. O-O O-O 7. Re1 Na6 8. h4 c5 9. d5 exd5 10. Nh2 Nc7 11. Nc3 d6 12. cxd5 Re8 13. e4 Nd7 14. Bf4 b5 15. Ng4 f6 16. a4 b4 17. Nb1 Ne5 18. Bxe5 fxe5 19. Nd2 Rf8 20. Nc4 Ba6 21. Rc1 Qe8 22. Na5 Bf6 23. Ne3 Bc8 24. Nec4 Be7 25. Nc6 Bd7 26. N4xe5 dxe5 27. Nxe7+ Qxe7 28. d6 Qd8 29. dxc7 Qxc7 30. Qd5+ Kh8 31. Rxc5 Qb6 32. a5 Qd8 33. Qxe5 Ba4 34. Rc7 Rg8 35. Qc5 Qd2 36. Qc1 Qd6 37. e5 1-0

[Event "56th Biel Festival Rapid 2023"]
[Site "Biel"]
[Date "2024.04.13"]
[Round "2.12"]
[White "Rosen, Eric"]
[Black "Alic, Miran"]
[Result "1-0"]
[WhiteElo "2344"]
[BlackElo "2011"]
[PlyCount "58"]
[EventDate "2023.07.16"]
[EventType "swiss"]
[EventCountry "SUI"]
[TimeControl "900+5"]

1. c4 e6 2. Nc3 d5 3. d4 a6 4. cxd5 exd5 5. Nf3 h6 6. Bf4 Nf6 7. e3 Bd6 8. Be5 Be6 9. Bd3 Nc6 10. O-O Ng4 11. Bxd6 Qxd6 12. Rc1 h5 13. Ne2 Rh6 14. Nf4 Rf6 15. h3 O-O-O 16. Qa4 Ne7 17. Qa3 Qxa3 18. bxa3 Rh8 19. hxg4 hxg4 20. Ng5 Rfh6 21. f3 g3 22. Nfh3 Bxh3 23. Nxh3 f6 24. f4 g5 25. fxg5 fxg5 26. Rf7 Kd8 27. Rg7 Re6 28. Re1 Rh4 29. Nxg5 Rb6 1-0

[Event "56th Biel Festival Rapid 2023"]
[Site "Biel"]
[Date "2024.04.13"]
[Round "2.14"]
[White "Rasovic, Dragan"]
[Black "Harikrishnan.A.Ra"]
[Result "0-1"]
[WhiteElo "2069"]
[BlackElo "2406"]
[PlyCount "148"]
[EventDate "2023.07.16"]
[EventType "swiss"]
[EventCountry "SUI"]
[TimeControl "900+5"]

1. d4 Nf6 2. Nf3 e6 3. c4 d5 4. g3 Bb4+ 5. Bd2 Be7 6. Bg2 O-O 7. O-O c6 8. Qc2 Nbd7 9. b3 b6 10. Bc3 Ba6 11. Nbd2 Rc8 12. Rfe1 c5 13. Ne5 cxd4 14. Bxd4 Nxe5 15. Bxe5 Ng4 16. Bb2 b5 17. h3 Nf6 18. Rac1 bxc4 19. bxc4 dxc4 20. Qa4 Qxd2 21. Bxf6 Bxf6 22. Qxa6 Rc7 23. e3 c3 24. Be4 g6 25. Red1 Qb2 26. Bc2 Rd7 27. Qa4 Rd2 28. Rxd2 cxd2 29. Rd1 Qc3 30. Bb3 a5 31. Qb5 Rd8 32. Qa4 Kg7 33. Qb5 h6 34. Rf1 Be7 35. Bd1 Rd5 36. Qb3 Qf6 37. Kg2 Bb4 38. a4 Rc5 39. Qd3 Rc1 40. Qe4 Qa1 41. Qf3 Qc3 42. Qe2 Qc6+ 43. Kh2 Qd5 44. Rg1 Qc4 45. Qxc4 Rxc4 46. Kg2 Rc1 47. Kf3 Kf6 48. Ke2 Ke7 49. Rf1 Kd6 50. Rg1 Kc5 51. Rf1 Kc4 52. Rg1 Kc3 53. Rf1 Kb2 54. Kd3 e5 55. Rg1 e4+ 56. Ke2 Ka3 57. Rf1 Rb1 58. f3 exf3+ 59. Rxf3 Rc1 60. Rxf7 Rc6 61. Rf3 Kb2 62. h4 Re6 63. g4 Kc1 64. Bb3 Re7 65. Rf1+ Kb2 66. Bd5 Rd7 67. e4 Kc3 68. h5 gxh5 69. gxh5 Rg7 70. Rf3+ Kd4 71. Rf1 Rg5 72. Rh1 Rg3 73. Kd1 Re3 74. Rg1 Re1+ 0-1

[Event "56th Biel Festival Rapid 2023"]
[Site "Biel"]
[Date "2024.04.13"]
[Round "2.15"]
[White "Huston, Gus"]
[Black "Tcheau, Alain"]
[Result "*"]
[WhiteElo "2341"]
[BlackElo "1985"]
[PlyCount "53"]
[EventDate "2023.07.16"]
[EventType "swiss"]
[EventCountry "SUI"]
[TimeControl "900+5"]

1. e4 e5 2. Nf3 d6 3. d4 exd4 4. Nxd4 Nc6 5. Nc3 Bd7 6. Be3 Nf6 7. f3 Be7 8. Qd2 O-O 9. g4 Nxd4 10. Bxd4 a6 11. g5 Nh5 12. h4 Ng3 13. Rg1 Nxf1 14. Rxf1 f6 15. Nd5 Be6 16. Nxe7+ Qxe7 17. gxf6 gxf6 18. Rg1+ Kf7 19. Qh6 Ke8 20. O-O-O Kd7 21. Rg7 Rf7 22. Bxf6 Qf8 23. Rdg1 Re8 24. Qxh7 Ree7 25. Bxe7 Kxe7 26. Rxf7+ Bxf7 27. Rg7 *

[Event "56th Biel Festival Rapid 2023"]
[Site "Biel"]
[Date "2024.04.13"]
[Round "2.16"]
[White "Habibi, Ali"]
[Black "Sibalic, Dragan"]
[Result "1-0"]
[WhiteElo "2171"]
[BlackElo "1902"]
[PlyCount "74"]
[EventDate "2023.07.16"]
[EventType "swiss"]
[EventCountry "SUI"]
[TimeControl "900+5"]

1. Nf3 Nf6 2. g3 d5 3. Bg2 g6 4. O-O Bg7 5. d3 O-O 6. Nbd2 c6 7. e4 Bg4 8. h3 Bc8 9. Kh2 Nbd7 10. e5 Ne8 11. d4 e6 12. c3 c5 13. Ne1 f5 14. f4 Bh6 15. Ndf3 Ng7 16. Be3 b6 17. Rf2 Rf7 18. a4 a5 19. b3 Ba6 20. Qd2 Qe7 21. g4 fxg4 22. hxg4 Ne8 23. Bh3 Nc7 24. Ng2 Raf8 25. Rg1 Kh8 26. f5 Bxe3 27. Qxe3 b5 28. f6 Qd8 29. Qh6 Nxf6 30. exf6 Rxf6 31. Ng5 Qe7 32. Rxf6 Rxf6 33. Nh4 Qg7 34. Qxg7+ Kxg7 35. Ngf3 h6 36. g5 hxg5 37. Bg2 Kh6 1-0

[Event "56th Biel Festival Rapid 2023"]
[Site "Biel"]
[Date "2024.04.13"]
[Round "2.17"]
[White "Vantika Agrawal"]
[Black "Chobaut, Nicolas"]
[Result "1-0"]
[WhiteElo "2428"]
[BlackElo "1919"]
[PlyCount "45"]
[EventDate "2023.07.16"]
[EventType "swiss"]
[EventCountry "SUI"]
[TimeControl "900+5"]

1. d4 Nf6 2. c4 e6 3. Nf3 c5 4. d5 exd5 5. cxd5 d6 6. Nc3 g6 7. g3 Bg7 8. Bg2 O-O 9. O-O Na6 10. Bf4 Nc7 11. a4 Nh5 12. Bg5 Qe8 13. Re1 h6 14. Bd2 f5 15. e4 fxe4 16. Nxe4 Qd8 17. Nh4 Kh7 18. Qc2 Bf5 19. Nxf5 gxf5 20. Nc3 Kh8 21. Ne2 Nf6 22. Nf4 Kg8 23. Qxf5 1-0

[Event "56th Biel Festival Rapid 2023"]
[Site "Biel"]
[Date "2024.04.13"]
[Round "2.18"]
[White "Malli, Suvirr"]
[Black "Haimovich, Tal"]
[Result "0-1"]
[WhiteElo "2094"]
[BlackElo "2374"]
[PlyCount "102"]
[EventDate "2023.07.16"]
[EventType "swiss"]
[EventCountry "SUI"]
[TimeControl "900+5"]

1. e4 e5 2. Nf3 Nc6 3. Bc4 Nf6 4. d3 Be7 5. Nc3 O-O 6. O-O d6 7. Nd5 Be6 8. a4 Bxd5 9. Bxd5 Nxd5 10. exd5 Nb4 11. c4 f5 12. Ne1 Bf6 13. Bd2 Na6 14. Bc3 Nc5 15. b4 Nd7 16. Nc2 Qe8 17. Ne3 Qg6 18. f3 Bg5 19. Qe2 Nf6 20. d4 Bxe3+ 21. Qxe3 e4 22. fxe4 Nxe4 23. Rae1 Rae8 24. Qd3 Qg4 25. Bd2 a6 26. a5 Re7 27. Bc1 Rfe8 28. Re3 g6 29. Rfe1 Kf7 30. b5 Nf6 31. Rxe7+ Rxe7 32. Rxe7+ Kxe7 33. bxa6 bxa6 34. h3 Qe4 35. Qxe4+ Nxe4 36. Be3 g5 37. Kf1 f4 38. Bc1 Kf6 39. h4 h6 40. hxg5+ hxg5 41. Ke2 Kf5 42. Kd3 Nf6 43. Ba3 Kg4 44. Ke2 Kg3 45. Kf1 Ne4 46. Bb4 f3 47. gxf3 Kxf3 48. c5 g4 49. cxd6 cxd6 50. Be1 g3 51. Kg1 Ng5 0-1

[Event "56th Biel Festival Rapid 2023"]
[Site "Biel"]
[Date "2024.04.13"]
[Round "2.19"]
[White "Toktomushev, Teimur"]
[Black "Zargarov, Mikayel"]
[Result "1-0"]
[WhiteElo "2206"]
[BlackElo "1951"]
[PlyCount "69"]
[EventDate "2023.07.16"]
[EventType "swiss"]
[EventCountry "SUI"]
[TimeControl "900+5"]

1. d4 d5 2. c4 e6 3. Nc3 c6 4. e3 Nf6 5. Nf3 Be7 6. Bd3 dxc4 7. Bxc4 b5 8. Bd3 Bb7 9. e4 Nbd7 10. e5 Nd5 11. Nxd5 exd5 12. h4 f6 13. exf6 Bxf6 14. O-O O-O 15. Ng5 Bxg5 16. hxg5 g6 17. Qg4 Qe8 18. Bf4 Qf7 19. Bd6 Nb6 20. Rae1 Rfe8 21. f4 Nc4 22. Be5 Nxe5 23. dxe5 Bc8 24. f5 Bxf5 25. Bxf5 gxf5 26. Rxf5 Qg7 27. Rf6 Re7 28. e6 Rae8 29. Re5 a5 30. Qf5 b4 31. g6 h6 32. Rf7 Qh8 33. g7 Qh7 34. Rf8+ Kxg7 35. Qf6# 1-0

[Event "56th Biel Festival Rapid 2023"]
[Site "Biel"]
[Date "2024.04.13"]
[Round "2.20"]
[White "Chervet, Olivier"]
[Black "Vincenti, Leonardo"]
[Result "0-1"]
[WhiteElo "1963"]
[BlackElo "2117"]
[PlyCount "67"]
[EventDate "2023.07.16"]
[EventType "swiss"]
[EventCountry "SUI"]
[TimeControl "900+5"]

1. d4 d5 2. e3 Nf6 3. Bd3 e6 4. f4 c5 5. c3 Nc6 6. Nd2 Bd6 7. Ngf3 b6 8. Ne5 Bb7 9. O-O Qc7 10. Qf3 O-O-O 11. Qe2 c4 12. Bc2 Ne8 13. b3 cxb3 14. axb3 f6 15. Nxc6 Bxc6 16. Qa6+ Kb8 17. Nf3 g5 18. fxg5 fxg5 19. Nxg5 Bxh2+ 20. Kh1 Rg8 21. Rf7 Rd7 22. Rxd7 Bxd7 23. e4 Bc8 24. Qa4 h6 25. e5 Bg3 26. Bh7 Rh8 27. Bg6 hxg5+ 28. Kg1 Bh2+ 29. Kf1 Ng7 30. Bxg5 Rf8+ 31. Bf6 Bd7 32. Qa3 Bb5+ 33. c4 Rc8 34. cxb5 0-1

[Event "56th Biel Festival Rapid 2023"]
[Site "Biel"]
[Date "2024.04.13"]
[Round "2.21"]
[White "Rohrer, Christophe"]
[Black "Berger, Stefan"]
[Result "1-0"]
[WhiteElo "2312"]
[BlackElo "1881"]
[PlyCount "73"]
[EventDate "2023.07.16"]
[EventType "swiss"]
[EventCountry "SUI"]
[TimeControl "900+5"]

1. e4 c6 2. d4 d5 3. e5 c5 4. dxc5 e6 5. a3 Bxc5 6. b4 Bb6 7. Nf3 Ne7 8. Bb2 Nbc6 9. Bd3 Ng6 10. O-O a6 11. Nbd2 Nf4 12. Nb3 Nxd3 13. Qxd3 O-O 14. c4 dxc4 15. Qxc4 Qe7 16. Rac1 Bd7 17. Rfd1 Rac8 18. Qe4 Rfd8 19. h4 Be8 20. Ng5 g6 21. Qf4 Rxd1+ 22. Rxd1 Rd8 23. Re1 Rd3 24. Nc5 Bxc5 25. bxc5 Qxc5 26. Ne4 Qf8 27. Nf6+ Kh8 28. Qc4 Rd8 29. a4 Qb4 30. Qxb4 Nxb4 31. a5 Bc6 32. h5 Kg7 33. Re3 Rd3 34. Rxd3 Nxd3 35. Bd4 Nf4 36. h6+ Kh8 37. Bc5 1-0

[Event "56th Biel Festival Rapid 2023"]
[Site "Biel"]
[Date "2024.04.13"]
[Round "2.22"]
[White "Stebahne, Olaf"]
[Black "Ermeni, Avni"]
[Result "0-1"]
[WhiteElo "1913"]
[BlackElo "2138"]
[PlyCount "38"]
[EventDate "2023.07.16"]
[EventType "swiss"]
[EventCountry "SUI"]
[TimeControl "900+5"]

1. c4 Nf6 2. Nc3 c5 3. d3 e6 4. g3 d5 5. cxd5 Nxd5 6. Bg2 Nc6 7. f4 Be7 8. Nf3 O-O 9. O-O b6 10. Nxd5 exd5 11. e4 dxe4 12. dxe4 Ba6 13. Re1 Nb4 14. Ne5 Bf6 15. a3 Qxd1 16. Rxd1 Nc2 17. Nd7 Bd4+ 18. Kh1 Nxa1 19. Nxf8 Rxf8 0-1

[Event "56th Biel Festival Rapid 2023"]
[Site "Biel"]
[Date "2024.04.13"]
[Round "2.23"]
[White "Voland, Robin"]
[Black "Erne, Raphael"]
[Result "*"]
[WhiteElo "1930"]
[BlackElo "2077"]
[PlyCount "63"]
[EventDate "2023.07.16"]
[EventType "swiss"]
[EventCountry "SUI"]
[TimeControl "900+5"]

1. e4 c6 2. Nf3 d5 3. Nc3 Nf6 4. e5 Ne4 5. d4 Nxc3 6. bxc3 c5 7. Bb5+ Bd7 8. Rb1 e6 9. O-O Be7 10. c4 dxc4 11. dxc5 Qc7 12. Be3 O-O 13. Bxc4 Bc6 14. Nd4 Nd7 15. Nxc6 bxc6 16. f4 Nxc5 17. Qf3 Rad8 18. h4 Na4 19. h5 Nc3 20. Rb3 Nd5 21. Bf2 Nb6 22. Bd3 c5 23. Qe4 g6 24. Rfb1 Rd7 25. Bb5 Rd5 26. a4 Rfd8 27. a5 Rd1+ 28. Kh2 Rxb1 29. axb6 Qxb6 30. Rxb1 a6 31. Qc6 Bf8 32. Qd7 *

[Event "56th Biel Festival Rapid 2023"]
[Site "Biel"]
[Date "2024.04.13"]
[Round "2.25"]
[White "Rait Albert"]
[Black "Ouellet, Maili-Jade"]
[Result "0-1"]
[WhiteElo "1899"]
[BlackElo "2201"]
[PlyCount "128"]
[EventDate "2023.07.16"]
[EventType "swiss"]
[EventCountry "SUI"]
[TimeControl "900+5"]

1. b4 e5 2. Bb2 d6 3. c4 f5 4. e3 Nf6 5. Nc3 g6 6. Be2 Bg7 7. d4 e4 8. Nh3 O-O 9. Qb3 a5 10. b5 Kh8 11. Nf4 g5 12. Nfd5 Nbd7 13. Nxf6 Nxf6 14. h4 g4 15. g3 Be6 16. a4 c6 17. Qa3 Rc8 18. c5 dxc5 19. dxc5 Qe7 20. Rc1 Nd7 21. Nb1 cxb5 22. Bxg7+ Kxg7 23. Qb2+ Kg8 24. Qxb5 Nxc5 25. O-O Nb3 26. Rxc8 Rxc8 27. Rd1 Qc7 28. Na3 Qc5 29. Qxc5 Nxc5 30. Bb5 Kf8 31. Nc2 Bb3 32. Rd2 Nd3 33. Nd4 Rc1+ 34. Kh2 Bd5 35. Nxf5 Ne5 36. Nd4 Ke7 37. Be2 Kf6 38. Nc2 Bc4 39. Nd4 Bd3 40. Rb2 Rc7 41. Rb6+ Kf7 42. Rb2 Bxe2 43. Rxe2 Ke7 44. Kg2 Kd7 45. Rb2 Nd3 46. Rb5 Rc1 47. Rd5+ Kc7 48. Rxa5 Ne1+ 49. Kh2 Nd3 50. Kg2 Ra1 51. Rh5 Ra2 52. Rxh7+ Kb6 53. Rf7 Ne1+ 54. Kh2 Nd3 55. h5 Nxf2 56. Kg2 Nd1+ 57. Kf1 Nxe3+ 58. Ke1 Rh2 59. Rf6+ Kc5 60. Ne6+ Kc4 61. Nf4 Nc2+ 62. Kd1 Nd4 63. h6 e3 64. Rf7 Rh1# 0-1

[Event "56th Biel Festival Rapid 2023"]
[Site "Biel"]
[Date "2024.04.13"]
[Round "2.26"]
[White "Materia, Matteo"]
[Black "Kocharin, Timur"]
[Result "*"]
[WhiteElo "1780"]
[BlackElo "2225"]
[PlyCount "79"]
[EventDate "2023.07.16"]
[EventType "swiss"]
[EventCountry "SUI"]
[TimeControl "900+5"]

1. e4 c6 2. d4 d5 3. exd5 cxd5 4. c4 Nf6 5. Nc3 Nc6 6. Nf3 e6 7. Be3 Be7 8. Be2 O-O 9. O-O dxc4 10. Bxc4 Nb4 11. Qb3 b6 12. a3 Nc6 13. Qd1 Na5 14. Ba2 Ba6 15. Re1 Bc4 16. Bxc4 Nxc4 17. Ne5 Nxe3 18. Rxe3 Rc8 19. Rd3 Nd5 20. Qf3 Nxc3 21. bxc3 b5 22. a4 bxa4 23. Nc6 Qc7 24. Nxe7+ Qxe7 25. Rxa4 Rc7 26. g3 Rfc8 27. Ra1 Qd6 28. h4 h6 29. Rad1 a5 30. Ra1 Ra7 31. Qe3 Qd5 32. Qe5 Qc4 33. Re3 a4 34. f4 a3 35. f5 exf5 36. Qxf5 a2 37. Qc2 Qxd4 38. cxd4 Rxc2 39. Ree1 Rd2 40. d5 *

[Event "56th Biel Festival Rapid 2023"]
[Site "Biel"]
[Date "2024.04.13"]
[Round "2.27"]
[White "Kreienbuehl, Andreas"]
[Black "Begdullayev, Tamerlan"]
[Result "*"]
[WhiteElo "2138"]
[BlackElo "1783"]
[PlyCount "30"]
[EventDate "2023.07.16"]
[EventType "swiss"]
[EventCountry "SUI"]
[TimeControl "900+5"]

1. d4 d5 2. c4 c6 3. Nf3 Nf6 4. e3 a6 5. b3 b5 6. Bd3 Bg4 7. Nbd2 e6 8. O-O Bd6 9. Qc2 Nbd7 10. e4 dxe4 11. Bxe4 Rc8 12. h3 Bh5 13. Re1 O-O 14. Bd3 Re8 15. Ne5 h6 *

[Event "56th Biel Festival Rapid 2023"]
[Site "Biel"]
[Date "2024.04.13"]
[Round "2.29"]
[White "Dergatschova, Anna"]
[Black "Tkhoruk, Roman"]
[Result "1/2-1/2"]
[WhiteElo "2120"]
[BlackElo "1803"]
[PlyCount "76"]
[EventDate "2023.07.16"]
[EventType "swiss"]
[EventCountry "SUI"]
[TimeControl "900+5"]

1. e4 c6 2. Nf3 d5 3. exd5 cxd5 4. d4 Nc6 5. c3 Bf5 6. Bb5 a6 7. Bxc6+ bxc6 8. Qa4 Qb6 9. Nbd2 Bd3 10. Qb3 Qb5 11. a4 Qxb3 12. Nxb3 e6 13. Ne5 Bc2 14. Na5 c5 15. Kd2 Bg6 16. h4 cxd4 17. h5 dxc3+ 18. bxc3 Bf5 19. g4 Bd6 20. Nac6 Bxe5 21. Nxe5 f6 22. gxf5 fxe5 23. Re1 e4 24. fxe6 Ke7 25. f3 Nf6 26. c4 Kxe6 27. Bb2 Rhd8 28. Bxf6 gxf6 29. cxd5+ Rxd5+ 30. Kc3 Rc8+ 31. Kb4 a5+ 32. Kb3 Rd3+ 33. Kb2 Rd4 34. fxe4 Rb4+ 35. Ka3 Rc3+ 36. Ka2 Rc2+ 37. Ka3 Rc3+ 38. Ka2 Rc2+ 1/2-1/2

[Event "56th Biel Festival Rapid 2023"]
[Site "Biel"]
[Date "2024.04.13"]
[Round "2.31"]
[White "Olarte, Stefan"]
[Black "Prieb, Robert"]
[Result "*"]
[WhiteElo "1879"]
[BlackElo "2060"]
[PlyCount "95"]
[EventDate "2023.07.16"]
[EventType "swiss"]
[EventCountry "SUI"]
[TimeControl "900+5"]

1. Nf3 Nf6 2. g3 g6 3. Bg2 Bg7 4. O-O O-O 5. Re1 d5 6. c4 c6 7. Qc2 Bf5 8. d3 Nbd7 9. Nd4 dxc4 10. Nxf5 cxd3 11. Qxd3 gxf5 12. Qxf5 e6 13. Qc2 Nd5 14. Bd2 Qb6 15. Nc3 Ne5 16. Na4 Qb5 17. Rac1 Nb4 18. Qb3 a5 19. Rc5 Qa6 20. Bc3 Ng6 21. Rh5 Nd5 22. Nc5 Qa7 23. Bxg7 Kxg7 24. Bxd5 Qxc5 25. Bf3 Qb4 26. Qc3+ Qxc3 27. bxc3 f5 28. Rb1 Rab8 29. e4 Ne5 30. Be2 b5 31. Rd1 Rbd8 32. Rxd8 Rxd8 33. exf5 Rd2 34. Kf1 exf5 35. Rxf5 Nf7 36. a4 Nd6 37. Rc5 b4 38. cxb4 axb4 39. Rxc6 Ne4 40. Rb6 Nc3 41. Bc4 Rd1+ 42. Kg2 Rb1 43. a5 Na4 44. Rb7+ Kf6 45. a6 Nc5 46. Rb6+ Ke7 47. a7 Ra1 48. Ba6 *